Description

asd

Build Order

Get SALT Encoding   

  12  0:00  SCV  
  13  0:12  SCV  
  14  0:17  Supply Depot  
  14  0:24  SCV  
  15  0:38  SCV  
  15  0:39  Barracks  
  16  0:44  Refinery  
  16  0:50  SCV  
  17  1:02  SCV  
  18  1:14  SCV  
  19  1:26  Reaper  
  19  1:27  Orbital Command  
  20  1:41  Command Center  
  20  1:49  Supply Depot  
  20  1:52  SCV  
  21  1:58  Marine  
  22  2:04  SCV  
  22  2:08  Factory  
  23  2:12  Refinery  
  23  2:16  SCV  
  23  2:20  Barracks Reactor  
  24  2:23  Bunker  
  26  2:53  Factory Tech Lab  
  26  2:54  Orbital Command  
  26  2:55  Starport  
  26  2:57  Marine  
  26  2:58  Marine  
  30  3:15  Marine  
  30  3:16  Marine  
  34  3:31  Supply Depot  
  34  3:32  Marine  
  34  3:33  Marine  
  37  3:37  Cloaking Field, Banshee  
  37  3:38  Factory Tech Lab  
  43  3:50  Marine  
  43  3:51  Marine  
  43  3:54  Supply Depot  
  45  3:57  Siege Tank  
  50  4:08  Marine  
  54  4:10  Supply Depot  
  54  4:20  Banshee  
  59  4:37  Siege Tank  
  64  4:45  Command Center  
  70  5:03  Barracks  
  70  5:14  Refinery  
  70  5:15  Raven, Refinery  
  70  5:19  Barracks  
  74  5:34  Engineering Bay  
  74  5:35  Engineering Bay  
  78  5:42  Bunker  
  78  5:43  Siege Tank  
  72  5:59  Orbital Command  
  72  6:01  Barracks  
  72  6:02  Barracks  
  73  6:11  Stimpack  
  72  6:12  Starport Reactor  
  70  6:21  Terran Infantry Weapons Level 1  
  70  6:24  Factory Reactor  
  70  6:25  Terran Infantry Armor Level 1  
  78  6:42  Orbital Command  
  79  6:47  Marauder  
  79  6:48  Marauder  
  81  6:54  Barracks Reactor, Combat Shield, Barracks Tech Lab  
  81  7:01  Widow Mine  
  81  7:02  Widow Mine, Medivac  
  91  7:09  Medivac  
  91  7:14  Marauder  
  91  7:15  Marauder  
  91  7:16  Marauder  
  97  7:20  Missile Turret  
  97  7:21  Missile Turret  
  104  7:24  Widow Mine  
  104  7:25  Widow Mine  
  108  7:33  Armory  
  111  7:42  Marauder  
  111  7:43  Marauder  
  111  7:44  Marauder  
  123  7:48  Widow Mine  
  123  7:49  Widow Mine  
  127  7:58  Refinery  
  127  7:59  Refinery  
  130  8:09  Widow Mine, Concussive Shells  
  130  8:10  Widow Mine  
  134  8:13  Marauder  
  134  8:14  Marauder  
  140  8:25  Medivac  
  140  8:26  Medivac  
  138  8:39  Widow Mine  
  138  8:40  Widow Mine  
Spawning Tool Build Advisor. Get it on Overwolf

Analysis

asd

Go to:

Details

  • Created by: Tempspawn852
  • Published on: Jun 21, 2020
  • Modified on: Jun 21, 2020
  • Patch: 4.11.0
  • Difficulty: Easy
Show
View Real Time Build Order
Export as new Build Order

Comments (0)

There are no comments. Be the first!

Create an account to comment!